 Dungeon Crawl Stone Soup version 0.29.0-4-gdea44cf6ec (webtiles) character file.

Game seed: 1605931461472218817

7 gelatine the Grasshopper (level 1, 0/16 HPs)
             Began as a Demonspawn Warper on Aug 27, 2022.
             Slain by a goblin
             ... wielding a +0 dagger
              (1 damage)
             ... on level 1 of the Dungeon.
             The game lasted 00:00:39 (202 turns).

gelatine the Grasshopper (Demonspawn Warper)         Turns: 202, Time: 00:00:40

Health: 0/16       AC:  3    Str: 11    XL:     1   Next: 91%
Magic:  3/3        EV: 11    Int: 14    God:
Gold:   0          SH:  0    Dex: 12    Spells: 4/4 levels left

rFire   . . .      SeeInvis .   a - +0 hand axe
rCold   . . .      Faith    .   (no shield)
rNeg    . . .      Spirit   .   b - +0 leather armour
rPois   .          Reflect  .   (no helmet)
rElec   .          Harm     .   (no cloak)
rCorr   .          Rampage  .   (no gloves)
Will    .....                   (no boots)
Stlth   +.........              (no amulet)
HPRegen 0.05/turn               (no ring)
MPRegen 0.08/turn               (no ring)

@: no status effects
A: no striking features
a: no special abilities


You were on level 1 of the Dungeon.
You visited 1 branch of the dungeon, and saw 1 of its levels.

Inventory:

Hand Weapons
 a - a +0 hand axe (weapon)
Missiles
 d - 7 boomerangs of dispersal (quivered)
Armour
 b - a +0 leather armour (worn)
Scrolls
 c - a scroll of blinking
 f - a scroll of fear {unknown}
 g - a scroll of noise {unknown}
 h - a scroll of teleportation {unknown}
Potions
 e - a potion of resistance {unknown}


   Skills:
 + Level 2.1 Fighting
 + Level 1.8 Axes
 + Level 0.8 Throwing
 + Level 1.1 Armour
 + Level 1.8 Dodging
 + Level 2.0 Spellcasting
 + Level 2.9 Translocations


You had 4 spell levels left.
You didn't know any spells.
Your spell library contained the following spells:

 Spells                   Type           Power      Damage    Failure   Level
 Blink                    Tloc           18%        N/A       14%         2
 Gell's Gravitas          Tloc           9%         N/A       28%         3
 Lesser Beckoning         Tloc           9%         N/A       28%         3
 Teleport Other           Tloc           9%         N/A       28%         3
 Manifold Assault         Tloc           9%         N/A       95%         5


Dungeon Overview and Level Annotations

Branches:
Dungeon (1/15)

Altars:


Message History

You see here a rat corpse.
HP restored.
h - a scroll labelled MAFERA OHOUVIA An endoplasm comes into view.
An endoplasm is nearby!
A goblin and a hobgoblin come into view.
The hobgoblin shouts!
The hobgoblin moves out of view.
The endoplasm quivers.
You see here 12 gold pieces.
Found 3 stones.
The goblin hits you with a +0 dagger.
You barely miss the goblin. The goblin hits you with a +0 dagger.
You closely miss the goblin. The goblin hits you with a +0 dagger.
You miss the goblin. The goblin barely misses you. The hobgoblin hits you.
You hit the goblin.
The goblin is severely wounded.
You hit the endoplasm. You hit the hobgoblin.
The endoplasm completely misses you. The goblin hits you but does no damage.
The hobgoblin hits you but does no damage.
The endoplasm freezes you.
You are frozen.
You hit the hobgoblin.
You kill the hobgoblin!
You hit the endoplasm. You closely miss the goblin.
The goblin hits you with a +0 dagger. The endoplasm freezes you.
You are frozen.
* * * LOW HITPOINT WARNING * * *
The goblin closely misses you. The endoplasm attacks as you move away!
The endoplasm hits you.
* * * LOW HITPOINT WARNING * * *
You see here 12 gold pieces.
The endoplasm attacks as you move away! The endoplasm hits you.
* * * LOW HITPOINT WARNING * * *
You hit the endoplasm.
You kill the endoplasm!
You closely miss the goblin.
The goblin is severely wounded.
The goblin hits you with a +0 dagger.
You die...

~~~~~~P... ...##.#.##
~~~~PP...# .. .#.#.#.#
~≈≈≈~~~P.##.# #..#.#.#
~≈~~P~.♣.##.# #..#.#.#
~~.~~~...##.# #..#...#
♣~~~~~...##.# #..#.#.# .
#...##.# #.#..#.#
#...##$##.# ##†....#
###....g@.+######....###
######............##
#...########## #####


You could see a goblin.

Vanquished Creatures
  2 endoplasms (D:1)
  A hobgoblin (D:1)
  A quokka (D:1)
  A bat (D:1)
  2 rats (D:1)
7 creatures vanquished.

Notes
Turn   | Place    | Note
-------+----------+-------------------------------------------
     0 | D:1      | gelatine the Demonspawn Warper began the quest for the Orb.
     0 | D:1      | Reached XP level 1. HP: 16/16 MP: 3/3
    50 | D:1      | Reached skill level 1 in Armour
   202 | D:1      | Slain by a goblin

Illustrated notes

Levels and vault maps discovered:
D:1:      doesnt_arrival_eight_statues, layout_rooms, serial_bayou,
          serial_bayou_pond_a, serial_bayou_pond_a, serial_bayou_lagoon_b,
          serial_bayou_pond_b, serial_bayou_ford_a, serial_bayou_pond_a,
          hellmonk_ecumenical_altar_leap_of_faith, minmay_3d_cube

Skill      XL: |  1 |
---------------+----+-----
Armour         | 1 |  1.1
Fighting       | |  2.1
Axes           | |  1.8
Throwing       | |  0.8
Dodging        | |  1.8
Spellcasting   | |  2.0
Translocations | |  2.9

Action                   || total
-------------------------++-------
Melee: Hand axe          ||    21
Armor: Leather armour    ||    17
Dodge: Dodged            ||    18
